 Dungeon Crawl Stone Soup version 0.19.5 (webtiles) character file.

56 MovingMist the Shield-Bearer (level 3, 0/34 HPs)
             Began as a Deep Dwarf Fighter on Apr 6, 2017.
             Succumbed to a gnoll's poison
             ... on level 2 of the Dungeon.
             The game lasted 00:03:05 (998 turns).

MovingMist the Shield-Bearer (Deep Dwarf Fighter)    Turns: 998, Time: 00:03:05

Health: 0/34       AC:  6    Str: 19    XL:     3   Next: 71%
Magic:  3/3        EV:  8    Int:  8    God:
Gold:   111        SH:  9    Dex: 13    Spells: 0 memorised, 2 levels left

rFire  . . .     SeeInvis .     a - +0 war axe
rCold  . . .     Gourm    .     b - +0 scale mail
rNeg   . . .     Faith    .     c - +0 shield
rPois  .         Spirit   .     (no helmet)
rElec  .         Reflect  .     (no cloak)
rCorr  .         Harm     .     (no gloves)
MR     .....                    (no boots)
Stlth  ..........               (no amulet)
                                (no ring)
                                (no ring)

@: lethally poisoned (0 -> -4), non-regenerating
A: damage resistance, recharge devices, sense surroundings 1, slow regeneration
3
a: Device Recharging


You were on level 2 of the Dungeon.
You were not hungry.

You visited 1 branch of the dungeon, and saw 3 of its levels.

You collected 111 gold pieces.

Inventory:

Hand Weapons
 a - a +0 war axe (weapon)
Armour
 b - a +0 scale mail (worn)
 c - a +0 shield (worn)
Jewellery
 p - an uncursed ring of see invisible {unknown}
Wands
 e - a wand of heal wounds (4/9)
Scrolls
 g - 4 scrolls of remove curse {unknown}
 i - 2 scrolls of teleportation {unknown}
 k - a scroll of random uselessness {unknown}
 l - 2 scrolls of fog {unknown}
 o - a scroll of fear {unknown}
 t - a scroll of magic mapping {unknown}
 u - a scroll of enchant weapon {unknown}
Potions
 d - a potion of might
 h - 3 potions of haste {unknown}
 j - 2 potions of brilliance {unknown}
 q - a potion of agility {unknown}
 r - 2 potions of heal wounds {unknown}
 s - 2 potions of mutation {unknown}
Books
 n - Vehumet's Handbook of Conjuration
   (You found it on level 2 of the Dungeon)

   Spells                             Type                      Level
   a - Magic Dart                     Conjuration                  1
Comestibles
 f - 5 bread rations
 m - a chunk of flesh


   Skills:
 + Level 3.0 Fighting
 + Level 2.9 Axes
 - Level 3.2 Armour
 * Level 2.1 Dodging
 + Level 3.7 Shields


You had 2 spell levels left.
You didn't know any spells.

Dungeon Overview and Level Annotations

Branches:
Dungeon (3/15)

Altars:
Kikubaaqudgha
Sif Muna
Vehumet


Innate Abilities, Weirdness & Mutations

You are resistant to damage.
You can recharge devices by infusing magical energy.
You passively map a small area around you.
You do not regenerate.


Message History

You hit the gnoll.
You feel sick. The gnoll hits you but does no damage.
You block the gnoll's attack. The gnoll barely misses you.
You feel sick. The gnoll hits you but does no damage.
You see here a robe.
You feel sick. You block the gnoll's attack.
You hit the gnoll.
The gnoll is heavily wounded.
The gnoll hits you but does no damage.
You barely miss the gnoll.
The gnoll is heavily wounded.
You block the gnoll's attack. The gnoll closely misses you.
You closely miss the gnoll.
The gnoll is heavily wounded.
The gnoll hits you with a club of chaos.
* * * LOW HITPOINT WARNING * * *
You are lethally poisoned!
You slash the gnoll!
You kill the gnoll!
Your Fighting skill increases to level 3!
You die...

.####.##### #≈.#
## #.### , ≈
.≈.. *
#####...## , .#.
...####..## *
#.#**
##.....#..#### ≈
.. *
#####.##....##
.# * ###
#...###..# ##.#
#.# ###.#
##.####..# #.#
#...##...@)g##
#.#
###......####
#.#
####.....#####
#.#
#####.....###.##
#####..#...#
##.#)..# #.....#
###...# #...#


You could see a gnoll.

Vanquished Creatures
  A gnoll (D:2)
  2 adders (D:2)
  3 worms (D:2)
  A leopard gecko (D:2)
  2 bats (D:2)
  A giant cockroach (D:1)
  A hobgoblin (D:2)
  5 kobolds
  A quokka (D:2)
  A goblin (D:2)
  4 rats (D:2)
22 creatures vanquished.

Notes
Turn   | Place    | Note
-------+----------+-------------------------------------------
     0 | D:1      | MovingMist the Deep Dwarf Fighter began the quest for the Orb.
     0 | D:1      | Reached XP level 1. HP: 20/20 MP: 1/1
   403 | D:2      | Reached skill level 1 in Dodging
   403 | D:2      | Reached XP level 2. HP: 21/27 MP: 2/2
   415 | D:2      | Found a radiant altar of Vehumet.
   419 | D:2      | Identified Vehumet's Handbook of Conjuration
   438 | D:2      | Found an ancient bone altar of Kikubaaqudgha.
   439 | D:2      | Found a deep blue altar of Sif Muna.
   600 | D:2      | Reached XP level 3. HP: 11/33 MP: 3/3
   650 | D:2      | You fall through a shaft!
   998 | D:2      | Succumbed to a gnoll's poison

Skill      XL: |  1  2  3 |
---------------+----------+-----
Dodging        | 1 2 |  2.1
Fighting       | 3 |  3.0
Axes           | |  2.9
Armour         | |  3.2
Shields        | |  3.7

Action                   || total
-------------------------++-------
Melee: War axe           ||    85
Evoke: Wand              ||     1
Armor: Scale mail        ||    30
Dodge: Dodged            ||    24
Block: Shield            ||    37
